[Event "8th Montevideo Open 2025"]
[Site "Montevideo"]
[Date "2025.02.07"]
[Round "7.16"]
[White "Carvalho, Guillermo"]
[Black "Lanzilotta, Filippo"]
[Result "1-0"]
[Annotator "NA RC"]
[ECO "A21"]
[WhiteElo "2094"]
[BlackElo "1854"]
[PlyCount "85"]
[EventDate "2025.02.01"]
[EventType "swiss"]
[EventCountry "URU"]
[SourceTitle "playchess.com"]
[Source "ChessBase"]
[SourceQuality "1"]
[TimeControl "5400+30"]

1. c4 f5 2. Nc3 Nf6 3. g3 e5 4. Bg2 Bb4 5. Qb3 Bxc3 6. Qxc3 d6 7. d4 Nbd7 8. dxe5 dxe5 9. Nh3 O-O 10. O-O Qe7 11. b3 Ne4 12. Qc2 Ndf6 13. f3 Qc5+ 14. Kh1 Nd6 15. Nf2 e4 16. Bb2 e3 17. Nd3 Qc6 18. Qc3 Nf7 19. Nb4 Qc5 20. Nd5 Nd6 21. Rac1 b5 22. Nxf6+ gxf6 23. cxb5 Qxc3 24. Rxc3 Nxb5 25. Rxe3 Bb7 26. Rd1 Rad8 27. Red3 Rxd3 28. Rxd3 Re8 29. Rd2 Kf7 30. Kg1 Nd6 31. Kf2 a5 32. Rc2 Re7 33. e3 Ba6 34. Rc5 a4 35. Ra5 Bb5 36. Ba3 axb3 37. Bxd6 Bd3 38. Ba3 Re5 39. Rxe5 bxa2 40. Re7+ Kf8 41. Rxc7+ Ke8 42. Bb2 a1=Q 43. Bxa1 1-0

[Event "8th Montevideo Open 2025"]
[Site "Montevideo"]
[Date "2025.02.07"]
[Round "7.17"]
[White "Izquierdo, Daniel"]
[Black "Melani, Mauro"]
[Result "1-0"]
[Annotator "NA RC"]
[ECO "E91"]
[WhiteElo "2069"]
[BlackElo "1914"]
[PlyCount "57"]
[EventDate "2025.02.01"]
[EventType "swiss"]
[EventCountry "URU"]
[SourceTitle "playchess.com"]
[Source "ChessBase"]
[SourceQuality "1"]
[TimeControl "5400+30"]

1. Nf3 Nf6 2. c4 g6 3. Nc3 Bg7 4. e4 d6 5. d4 O-O 6. Be2 Na6 7. Bg5 h6 8. Bh4 c5 9. d5 Nc7 10. O-O a6 11. Nd2 g5 12. Bg3 Bd7 13. e5 dxe5 14. Bxe5 Qc8 15. d6 exd6 16. Bxd6 Re8 17. Bxc5 Ncd5 18. Bd4 Nf4 19. Bf3 Bf5 20. Qb3 Qd7 21. Bxf6 Bxf6 22. Nde4 Be5 23. Rad1 Qc7 24. Ng3 Bd3 25. Rxd3 Nxd3 26. Nd5 Qa5 27. Qxd3 Re6 28. Bg4 Rd8 29. Bxe6 1-0

[Event "8th Montevideo Open 2025"]
[Site "Montevideo"]
[Date "2025.02.07"]
[Round "7.18"]
[White "Pascualvaca, Federico"]
[Black "Pichuaga, Juan Pablo"]
[Result "1/2-1/2"]
[Annotator "NA RC"]
[ECO "B51"]
[WhiteElo "1794"]
[BlackElo "1973"]
[PlyCount "50"]
[EventDate "2025.02.01"]
[EventType "swiss"]
[EventCountry "URU"]
[SourceTitle "playchess.com"]
[Source "ChessBase"]
[SourceQuality "1"]
[TimeControl "5400+30"]

1. e4 c5 2. Nf3 d6 3. Bb5+ Nd7 4. Ba4 a6 5. c4 Ngf6 6. Nc3 e6 7. O-O Be7 8. d3 O-O 9. Ne1 d5 10. Bxd7 Qxd7 11. e5 Ne8 12. Nf3 b5 13. b3 Bb7 14. Qe2 Rd8 15. Bf4 b4 16. Nb1 f5 17. Bg5 Bxg5 18. Nxg5 h6 19. Nf3 dxc4 20. dxc4 Bxf3 21. Qxf3 Qd4 22. Nd2 Qxe5 23. Rfe1 Qf6 24. Nf1 e5 25. Qe3 e4 1/2-1/2

[Event "8th Montevideo Open 2025"]
[Site "Montevideo"]
[Date "2025.02.07"]
[Round "7.19"]
[White "Guerrero, Alvaro"]
[Black "Perez Selios, Luis"]
[Result "1-0"]
[Annotator "NA RC"]
[ECO "A04"]
[WhiteElo "2028"]
[BlackElo "1801"]
[PlyCount "107"]
[EventDate "2025.02.01"]
[EventType "swiss"]
[EventCountry "URU"]
[SourceTitle "playchess.com"]
[Source "ChessBase"]
[SourceQuality "1"]
[TimeControl "5400+30"]

1. e4 d6 2. Nf3 g6 3. g3 Nf6 4. Qe2 Bg7 5. Bg2 O-O 6. O-O c5 7. c3 Nc6 8. d4 Bg4 9. d5 Ne5 10. Nbd2 Nfd7 11. h3 Nxf3+ 12. Nxf3 Bxf3 13. Bxf3 a6 14. a4 Rb8 15. a5 Ne5 16. Bg2 c4 17. Be3 Qd7 18. Ba7 Rbc8 19. Bb6 Qb5 20. Rfc1 Nd3 21. Rc2 Nc5 22. f4 Nb3 23. Ra3 Rfe8 24. Qd1 e6 25. dxe6 Rxe6 26. Kh2 Bf8 27. Ra2 Rce8 28. Re2 Kh8 29. Rf2 R8e7 30. f5 gxf5 31. Rxf5 Re5 32. Rf6 R5e6 33. Rf4 Bg7 34. Rf5 Re5 35. Qxd6 Qe8 36. Rf2 Rg5 37. Qd8 Be5 38. Rf3 f6 39. Ra4 Rg8 40. Qxe8 Rexe8 41. Re3 Rg6 42. Rxc4 Reg8 43. Rb4 Bxg3+ 44. Kh1 Bf2 45. Re2 Rxg2 46. Rxf2 R2g3 47. Rxb3 Rxh3+ 48. Rh2 Rf3 49. Rg2 Re8 50. Rb4 Re5 51. Bd4 Rf1+ 52. Rg1 Rh5+ 53. Kg2 Rf4 54. Kg3 1-0

[Event "8th Montevideo Open 2025"]
[Site "Montevideo"]
[Date "2025.02.07"]
[Round "7.20"]
[White "Izquierdo, Sebastian"]
[Black "Barandiaran, Gabriel"]
[Result "1/2-1/2"]
[Annotator "NA RC"]
[ECO "E65"]
[WhiteElo "1970"]
[BlackElo "1830"]
[PlyCount "61"]
[EventDate "2025.02.01"]
[EventType "swiss"]
[EventCountry "URU"]
[SourceTitle "playchess.com"]
[Source "ChessBase"]
[SourceQuality "1"]
[TimeControl "5400+30"]

1. d4 Nf6 2. Nf3 g6 3. g3 Bg7 4. Bg2 d6 5. c4 Nbd7 6. Nc3 O-O 7. O-O c5 8. d5 Ng4 9. h3 Nge5 10. Nd2 Nb6 11. Qb3 f5 12. f4 Nf7 13. a4 Rb8 14. a5 Na8 15. Nb5 a6 16. Nc3 e5 17. dxe6 Bxe6 18. Nd5 b5 19. axb6 Nxb6 20. Qc2 Re8 21. Nb3 Nxd5 22. cxd5 Bc8 23. Na5 Rb5 24. Nc4 a5 25. e3 h5 26. h4 Nh6 27. Bf3 Ng4 28. Bxg4 hxg4 29. Bd2 Re4 30. b3 Ba6 31. Ra2 1/2-1/2

[Event "8th Montevideo Open 2025"]
[Site "Montevideo"]
[Date "2025.02.07"]
[Round "7.21"]
[White "Delgado, Nazareno"]
[Black "Lanzilotta, Marcelo"]
[Result "1-0"]
[Annotator "NA RC"]
[ECO "B24"]
[WhiteElo "1819"]
[BlackElo "1958"]
[PlyCount "97"]
[EventDate "2025.02.01"]
[EventType "swiss"]
[EventCountry "URU"]
[SourceTitle "playchess.com"]
[Source "ChessBase"]
[SourceQuality "1"]
[TimeControl "5400+30"]

1. e4 c5 2. Nc3 e6 3. g3 d5 4. exd5 exd5 5. Bg2 Nf6 6. d4 Nc6 7. Nge2 Be7 8. dxc5 Be6 9. O-O O-O 10. Nf4 d4 11. Ne4 Nxe4 12. Bxe4 Bxc5 13. Qh5 h6 14. Nxe6 fxe6 15. Qxc5 Rc8 16. Qh5 Qf6 17. Qg6 b6 18. Qxf6 Rxf6 19. Bd2 Ne5 20. Bf4 Nc4 21. b3 Na3 22. Be5 Rf7 23. Bxd4 Nxc2 24. Bxc2 Rxc2 25. Rfe1 Rd2 26. Be3 Rc2 27. Kf1 Rd7 28. Re2 Rdc7 29. Rxc2 Rxc2 30. a3 Rb2 31. b4 e5 32. Rc1 Ra2 33. Rc8+ Kh7 34. Bc1 Kg6 35. Rc7 Ra1 36. Ke2 Kf5 37. Kd3 g5 38. Kc2 Kg4 39. Kb2 Rxc1 40. Kxc1 Kh3 41. Rh7 Kxh2 42. Rxh6+ Kg2 43. Rg6 Kxf2 44. Rxg5 e4 45. Rf5+ Kxg3 46. Kd2 Kg4 47. Rf7 a5 48. bxa5 bxa5 49. Ke3 1-0

[Event "8th Montevideo Open 2025"]
[Site "Montevideo"]
[Date "2025.02.07"]
[Round "7.22"]
[White "Fernandez Rodriguez, Jose Antonio"]
[Black "Escofet, Jaime"]
[Result "0-1"]
[Annotator "NA RC"]
[ECO "B15"]
[WhiteElo "2140"]
[BlackElo "1951"]
[PlyCount "120"]
[EventDate "2025.02.01"]
[EventType "swiss"]
[EventCountry "URU"]
[SourceTitle "playchess.com"]
[Source "ChessBase"]
[SourceQuality "1"]
[TimeControl "5400+30"]

1. e4 c6 2. d4 d5 3. Nc3 dxe4 4. Nxe4 Nf6 5. Ng5 h6 6. N5f3 Bg4 7. h3 Bh5 8. Bc4 e6 9. g4 Bg6 10. Ne2 Bd6 11. Nf4 Be4 12. c3 Qc7 13. Nd3 Nbd7 14. Be3 Nb6 15. Bb3 Nbd5 16. Bxd5 Nxd5 17. Qe2 Qa5 18. Bd2 Nf6 19. c4 Qc7 20. Rg1 O-O-O 21. O-O-O Bxd3 22. Qxd3 Bf4 23. g5 hxg5 24. Nxg5 g6 25. Kb1 Bxd2 26. Rxd2 Rh4 27. Qe3 Rd7 28. Rgd1 Qf4 29. Qg3 Ne4 30. Qxf4 Rxf4 31. Nxe4 Rxe4 32. Kc2 Rf4 33. a3 Rf3 34. Rh1 Rd8 35. Rh2 Rh8 36. Rd3 Rf4 37. Kc3 Rh5 38. Re3 Kd7 39. Rg2 Rhf5 40. Re2 Rf3+ 41. Kd2 Rxh3 42. Re3 Rh4 43. Rd3 Rff4 44. Kc3 Ke7 45. b4 Kd7 46. a4 Kc7 47. a5 e5 48. f3 exd4+ 49. Kb3 Rh3 50. Rf2 g5 51. c5 g4 52. Kc4 Rhxf3 53. Rfxf3 gxf3 54. Rd1 f2 55. Rf1 a6 56. Kd3 Kd7 57. Ke2 Ke6 58. Rh1 f1=Q+ 59. Rxf1 Rxf1 60. Kxf1 Kd5 0-1

[Event "8th Montevideo Open 2025"]
[Site "Montevideo"]
[Date "2025.02.06"]
[Round "7.23"]
[White "Balseca Moreno, Diego"]
[Black "Rey Besada, Fernando"]
[Result "1-0"]
[Annotator "TA"]
[ECO "E90"]
[WhiteElo "2269"]
[BlackElo "2135"]
[PlyCount "33"]
[EventDate "2025.02.01"]
[EventType "swiss"]
[EventCountry "URU"]
[SourceTitle "playchess.com"]
[Source "ChessBase"]
[SourceQuality "1"]
[TimeControl "5400+30"]

1. d4 Nf6 2. c4 g6 3. Nc3 Bg7 4. e4 d6 5. Nf3 O-O 6. h3 e5 7. d5 a5 8. Be3 Na6 9. g4 Nc5 10. Nd2 b6 {[%emt 0:00:30] E90: King's Indian: Classical: Early deviations and 6 h3.} 11. Be2 Kh8 12. h4 $146 (12. Qc2 Ng8 13. O-O-O f5 14. f3 f4 15. Bxc5 bxc5 16. h4 Bd7 17. g5 Be8 18. Bf1 {1-0 Zherebtsova,A (2182)-Marcinczyk,M (2020) Titled Tuesday intern op 16th Nov blitz 2021 (9)}) 12... Ng8 {[%emt 0:00:30] White is better.} 13. Nf1 h6 14. g5 f5 15. h5 Qe8 (15... hxg5 $16 {might work better.} 16. hxg6+ Nh6 17. exf5 Kg8 (17... Bxf5 $2 {loses.} 18. Qc1 $18) 18. Bxc5 bxc5) 16. hxg6 $18 Qxg6 {[%emt 0:00:30] [#]} (16... f4) 17. Bh5 {[%emt 0:00:30] White took control after the opening.   Weighted Error Value: White=0.04 (flawless) /Black=1.16  Mistake:       	---       	Black=2      Inaccurate:     	---       	Black=1      OK:         	White=5     	Black=1      Best:        	White=1     	---} 1-0

[Event "8th Montevideo Open 2025"]
[Site "Montevideo"]
[Date "2025.02.07"]
[Round "7.24"]
[White "Lopez Betancourt, Bryan"]
[Black "Volpe, Agustin"]
[Result "1/2-1/2"]
[Annotator "NA RC"]
[ECO "B14"]
[WhiteElo "1897"]
[BlackElo "1873"]
[PlyCount "53"]
[EventDate "2025.02.01"]
[EventType "swiss"]
[EventCountry "URU"]
[SourceTitle "playchess.com"]
[Source "ChessBase"]
[SourceQuality "1"]
[TimeControl "5400+30"]

1. e4 c5 2. c3 d5 3. exd5 Nf6 4. Nf3 Nxd5 5. d4 cxd4 6. cxd4 Nc6 7. Nc3 g6 8. Bc4 Nb6 9. Bb3 Bg7 10. d5 Nb4 11. O-O O-O 12. Qd2 Bf5 13. Nh4 Bd7 14. Nf3 Rc8 15. Rd1 Bg4 16. Qf4 Bxf3 17. Qxf3 a5 18. Be3 Nc4 19. Bxc4 Rxc4 20. Qe2 Rc8 21. a3 Na6 22. Qb5 Qc7 23. Bb6 Qf4 24. Be3 Qc7 25. Bb6 Qf4 26. Be3 Qc7 27. Bb6 1/2-1/2

[Event "8th Montevideo Open 2025"]
[Site "Montevideo"]
[Date "2025.02.06"]
[Round "7.24"]
[White "Lopez Betancourt, Bryan"]
[Black "Volpe, Agustin"]
[Result "*"]
[Annotator "NA RC"]
[ECO "C56"]
[WhiteElo "1897"]
[BlackElo "1873"]
[PlyCount "30"]
[EventDate "2025.02.01"]
[EventType "swiss"]
[EventCountry "URU"]
[SourceTitle "playchess.com"]
[Source "ChessBase"]
[SourceQuality "1"]
[TimeControl "5400+30"]

1. e4 e5 2. Nf3 Nc6 3. d4 exd4 4. Bc4 Nf6 5. e5 d5 6. Bb5 Ne4 7. Nxd4 Bc5 8. Be3 O-O 9. Nxc6 bxc6 10. Bxc5 Nxc5 11. Bxc6 Rb8 12. Qxd5 Qe7 13. O-O Rxb2 14. c4 Rd8 15. Qf3 Qxe5 *